 Dungeon Crawl Stone Soup version 0.29.0-4-gdea44cf6ec (webtiles) character file.

Game seed: 17340679196225910180

1549 qw the Cleaver (level 8, -12/49 HPs)
             Began as a Tengu Warper on Aug 28, 2022.
             Was an Initiate of Okawaru.
             Mangled by an orc wizard
             ... wielding a +1 dagger of electrocution
              (18 damage)
             ... on level 6 of the Dungeon.
             The game lasted 00:00:37 (5906 turns).

qw the Cleaver (Tengu Warper)                       Turns: 5906, Time: 00:00:37

Health: -12/49     AC: 12    Str: 12    XL:     8   Next: 87%
Magic:  12/12      EV: 13    Int: 13    God:    Okawaru [......]
Gold:   340        SH:  5    Dex: 18    Spells: 11/11 levels left

rFire   + . .      SeeInvis .   i - +0 war axe (elec)
rCold   . . .      Faith    .   (no shield)
rNeg    . . .      Spirit   .   d - +0 chain mail
rPois   .          Reflect  +   (helmet restricted)
rElec   .          Harm     .   h - +0 cloak
rCorr   .          Rampage  .   a - +1 pair of gloves
Will    .....                   (boots unavailable)
Stlth   ..........              e - amulet of reflection
HPRegen 0.16/turn               b - +4 ring of evasion
MPRegen 0.13/turn               (no ring)

@: flying quickly and evasively, quick
A: beak, talons 3, nimble flight, camouflage 1, agile 1, fire resistance 1,
sturdy frame 1
a: Renounce Religion


You were on level 6 of the Dungeon.
You worshipped Okawaru.
Okawaru was noncommittal.
You visited 2 branches of the dungeon, and saw 7 of its levels.

You collected 340 gold pieces.


Innate Abilities, Weirdness & Mutations

You have a beak for a mouth.
You have claws for feet.
Your magical nature lets you fly swiftly and evasively.
Your skin changes colour to match your surroundings (Stealth+).
You are agile. (Dex +4, Str/Int -1)
Your flesh is heat resistant. (rF+)
Your movements are slightly less encumbered by armour. (ER -2)


   Skills:
 - Level 5.0 Fighting
 - Level 10.1 Axes
 - Level 1.0 Throwing
 - Level 4.0 Armour
 + Level 2.1 Dodging
 - Level 2.0 Spellcasting
 - Level 2.4 Translocations


You had 11 spell levels left.
You didn't know any spells.
Your spell library contained the following spells:

 Spells                   Type           Power      Damage    Failure   Level
 Blink                    Tloc           14%        N/A       90%         2
 Gell's Gravitas          Tloc           7%         N/A       99%         3
 Lesser Beckoning         Tloc           7%         N/A       99%         3
 Teleport Other           Tloc           7%         N/A       99%         3
 Manifold Assault         Tloc           7%         N/A       100%        5

Inventory:

Hand Weapons
 i - a +0 war axe of electrocution (weapon)
 Y - a +2 war axe of flaming
Missiles
 n - 2 boomerangs (quivered)
Armour
 a - a +1 pair of gloves (worn)
 d - a +0 chain mail (worn)
 h - a +0 cloak (worn)
Jewellery
 b - a +4 ring of evasion (left hand)
 e - an amulet of reflection (around neck)
 m - a ring of protection from cold
Scrolls
 c - a scroll of identify
Potions
 f - 3 potions of curing
 g - a potion of cancellation
 j - a potion of resistance
 l - 2 potions of mutation
 o - a potion of magic {unknown}
 p - a potion of attraction {unknown}
 q - 2 potions of haste {unknown}

Dungeon Overview and Level Annotations

Branches:
Dungeon (6/15)             Temple (1/1) D:6

Altars:
Cheibriados
Dithmenos
Elyvilon
Fedhas
Gozag
Hepliaklqana
Kikubaaqudgha
Makhleb
Nemelex Xobeh
Okawaru
Qazlal
Sif Muna
Uskayaw
Vehumet
Xom
Yredelemnul
Zin


Message History

You kill the ufetubus!
Okawaru accepts your kill.
You hit something.
You feel sick.
You are no longer poisoned.
Something hits you but does no damage.
You barely miss something. Your kick misses something.
Your peck misses something. Something hits you.
You are electrocuted!
You closely miss something. Your kick misses something.
Your surroundings suddenly seem different.
A hound comes into view.
Found a scroll of amnesia.
The hound barks!
5898 ||| READING scroll of teleportation.
As you read the scroll of teleportation, it crumbles to dust.
You feel strangely unstable.
You hit the hound. Your kick misses the hound.
The hound is lightly wounded.
The hound bites you but does no damage. x2
You hit the hound. Lightning courses through the hound!
Your kick misses the hound.
The hound is almost dead.
The hound bites you but does no damage.
You hit the hound.
You kill the hound!
Okawaru accepts your kill.
Your surroundings suddenly seem different.
Your Fighting skill increases to level 5!
You swing at nothing.
You hear some strange, mumbled words.
Something tries to affect you, but you resist.
You swing at nothing.
You swing at nothing.
A magic dart appears from out of thin air!
The magic dart hits you.
You swing at nothing.
You closely miss something. Something hits you but does no damage.
You are electrocuted!!
You die...

...####.......#
#....#........
#.#.).).....? # ##
###...#.)=..... ..
.#####............###.#
.......######......(..#.
.......# #...<.......
.......##++##...........
##......#~~#....@......#
...#.#.##~~##..........#
##.#.#.#~~~~#........#.#
##.....#~~~~#.......##.#
##.#...##~~##........#.#
........#~~#......##...###
........'##'..##.##.......
..............%...........
.........###..##).#.......


There were no monsters in sight!

Vanquished Creatures
  Eustachio (D:4)
  Menkaure (D:4)
  2 water moccasins
  3 phantoms
  A bullfrog (D:5)
  2 scorpions (D:6)
  5 wights (D:6)
  3 jellies
  2 hounds
  2 orc wizards (D:6)
  4 adders
  A shadow imp (D:5)
  4 ufetubi
  A worm (D:4)
  25 orcs
  5 ball pythons
  3 bats
  4 endoplasms
  5 giant cockroaches
  5 goblins
  8 hobgoblins
  6 jackals
  3 quokkas
  5 frilled lizards
  9 kobolds
  7 rats
117 creatures vanquished.

Notes
Turn   | Place    | Note
-------+----------+-------------------------------------------
     0 | D:1      | qw the Tengu Warper began the quest for the Orb.
     0 | D:1      | Reached XP level 1. HP: 12/12 MP: 4/4
     0 | D:1      | 0 ||| qw: Version: 0.1-a-89-g26bdef1
     0 | D:1      | 0 ||| qw: Game counter: 2257
     0 | D:1      | 0 ||| qw: Always use a shield: true
     0 | D:1      | 0 ||| qw: God list: Okawaru
     0 | D:1      | 0 ||| qw: Allow faded altars: false
     0 | D:1      | 0 ||| qw: Do Orc after D:15 true
     0 | D:1      | 0 ||| qw: Do second Lair branch before Depths: true
     0 | D:1      | 0 ||| qw: Lair rune preference: random
     0 | D:1      | 0 ||| qw: Plans: Normal
     0 | D:1      | 0 ||| PLANNING D:1-11
   105 | D:1      | Found a faded altar of an unknown god.
   107 | D:1      | 107 ||| Stepping ~*~*~tactically~*~*~ (stealth).
   109 | D:1      | 109 ||| Stepping ~*~*~tactically~*~*~ (stealth).
   206 | D:1      | Reached skill level 3 in Axes
   206 | D:1      | Reached XP level 2. HP: 17/17 MP: 6/6
   445 | D:1      | 445 ||| Stepping ~*~*~tactically~*~*~ (stealth).
   446 | D:1      | 446 ||| Stepping ~*~*~tactically~*~*~ (stealth).
   693 | D:1      | Reached XP level 3. HP: 21/21 MP: 7/7
   695 | D:1      | 695 ||| Stepping ~*~*~tactically~*~*~ (stealth).
   697 | D:1      | 697 ||| Stepping ~*~*~tactically~*~*~ (stealth).
   707 | D:1      | 707 ||| Stepping ~*~*~tactically~*~*~ (stealth).
   708 | D:1      | 708 ||| Stepping ~*~*~tactically~*~*~ (stealth).
   726 | D:1      | 726 ||| UPGRADING to +0 cloak.
   731 | D:1      | 731 ||| READING scroll labelled GAENOQU KUHI.
   732 | D:1      | 732 ||| READING scroll labelled TYTAMY FOTUDD.
   736 | D:1      | 736 ||| DROPPING scroll of blinking.
   954 | D:2      | 954 ||| SWAPPING to +0 war axe.
   955 | D:2      | 955 ||| DROPPING +0 hand axe.
   990 | D:2      | Identified the +3 sling of Winter {freeze, rF- MP+9 Dex+3}
  1041 | D:2      | Reached skill level 4 in Axes
  1545 | D:2      | 1545 ||| UPGRADING to amulet of reflection.
  1550 | D:2      | 1550 ||| READING scroll labelled MUGAEB YWKAULO.
  1551 | D:2      | 1551 ||| READING scroll labelled ORCHYU ROXINN.
  1552 | D:2      | 1552 ||| READING scroll labelled SEG ILIKKINIAL.
  1553 | D:2      | 1553 ||| DROPPING +0 club.
  1554 | D:2      | 1554 ||| READING scroll labelled NOUSKE ITALL.
  1555 | D:2      | 1555 ||| READING scroll of teleportation.
  1728 | D:3      | Reached XP level 4. HP: 24/26 MP: 8/8
  1820 | D:3      | Reached skill level 5 in Axes
  1933 | D:3      | 1933 ||| READING scroll of enchant weapon.
  1933 | D:3      | 1933 ||| ENCHANTING +1 war axe of flaming.
  1966 | D:3      | 1966 ||| Stepping ~*~*~tactically~*~*~ (stealth).
  1968 | D:3      | 1968 ||| Stepping ~*~*~tactically~*~*~ (stealth).
  2363 | D:3      | 2363 ||| UPGRADING to +0 chain mail.
  2373 | D:3      | 2373 ||| DROPPING +0 leather armour.
  2374 | D:3      | 2374 ||| READING scroll labelled XILEOKHLIXU.
  2375 | D:3      | 2375 ||| READING scroll labelled YDID LYTUSYSK.
  2376 | D:3      | 2376 ||| DRINKING 2 pink potions.
  2481 | D:3      | 2481 ||| DRINKING 2 fuming cyan potions.
  2482 | D:3      | 2482 ||| DRINKING 2 fizzy purple potions.
  2482 | D:3      | Gained mutation: You are agile. (Dex +4, Str/Int -1)
                  | [potion of mutation]
  2482 | D:3      | Gained mutation: Your skin changes colour to match your
                  | surroundings (Stealth+). [potion of mutation]
  2482 | D:3      | Gained mutation: Your flesh is heat resistant. (rF+)
                  | [potion of mutation]
  2482 | D:3      | Gained mutation: Your movements are slightly less
                  | encumbered by armour. (ER -2) [potion of mutation]
  2483 | D:3      | 2483 ||| DROPPING potion of berserk rage.
  2526 | D:4      | Found a radiant altar of Vehumet.
  2531 | D:4      | 2531 ||| Stepping ~*~*~tactically~*~*~ (stealth).
  2556 | D:4      | 2556 ||| Stepping ~*~*~tactically~*~*~ (stealth).
  2562 | D:4      | Noticed Menkaure
  2563 | D:4      | 2563 ||| Stepping ~*~*~tactically~*~*~ (hiding).
  2566 | D:4      | Gained mutation: Your magical nature lets you fly swiftly
                  | and evasively. [Tengu growth]
  2566 | D:4      | Reached XP level 5. HP: 8/30 MP: 9/9
  2568 | D:4      | Killed Menkaure
  2569 | D:4      | Reached skill level 3 in Armour
  2569 | D:4      | Reached XP level 6. HP: 10/35 MP: 10/10
  2604 | D:4      | 2604 ||| FLEEEEING.
  2605 | D:4      | 2605 ||| FLEEEEING.
  2947 | D:4      | Noticed a water moccasin
  2955 | D:4      | Killed a water moccasin
  2956 | D:4      | Reached skill level 6 in Axes
  2979 | D:4      | 2979 ||| FLEEEEING.
  2980 | D:4      | 2980 ||| FLEEEEING.
  2981 | D:4      | 2981 ||| FLEEEEING.
  2982 | D:4      | 2982 ||| FLEEEEING.
  3351 | D:4      | 3351 ||| Stepping ~*~*~tactically~*~*~ (stealth).
  3367 | D:4      | Noticed Eustachio
  3379 | D:4      | Killed Eustachio
  3380 | D:4      | Reached skill level 7 in Axes
  3380 | D:4      | Reached XP level 7. HP: 27/40 MP: 11/11
  3677 | D:4      | 3677 ||| Stepping ~*~*~tactically~*~*~ (stealth).
  3678 | D:4      | 3678 ||| Stepping ~*~*~tactically~*~*~ (stealth).
  3689 | D:4      | Reached skill level 3 in Fighting
  3927 | D:4      | 3927 ||| READING scroll labelled NUIDWY ZEUCOT.
  3928 | D:4      | 3928 ||| READING scroll labelled LIDYARAE IFOEJANI.
  3929 | D:4      | 3929 ||| READING 2 scrolls of identify.
  3929 | D:4      | 3929 ||| IDENTIFYING sapphire potion
  3960 | D:5      | Entered Level 5 of the Dungeon
  4286 | D:5      | 4286 ||| Stepping ~*~*~tactically~*~*~ (hiding).
  4300 | D:5      | 4300 ||| FLEEEEING.
  4301 | D:5      | 4301 ||| FLEEEEING.
  4302 | D:5      | 4302 ||| FLEEEEING.
  4303 | D:5      | 4303 ||| FLEEEEING.
  4304 | D:5      | 4304 ||| FLEEEEING.
  4305 | D:5      | 4305 ||| FLEEEEING.
  4306 | D:5      | 4306 ||| FLEEEEING.
  4307 | D:5      | 4307 ||| FLEEEEING.
  4309 | D:5      | 4309 ||| FLEEEEING.
  4693 | D:5      | 4693 ||| UPGRADING to +0 pair of gloves.
  4698 | D:5      | 4698 ||| DROPPING amulet of regeneration.
  4699 | D:5      | 4699 ||| READING 2 scrolls of identify.
  4699 | D:5      | 4699 ||| IDENTIFYING bubbling brown potion
  4761 | D:6      | 4761 ||| PLANNING SEWER
  4761 | D:6      | 4761 ||| STAIRDANCE
  4767 | D:6      | 4767 ||| STAIRDANCE
  4770 | D:5      | HP: 8/41 [bullfrog (4)]
  4771 | D:5      | 4771 ||| READING scroll of teleportation.
  4773 | D:5      | Reached skill level 8 in Axes
  5062 | D:6      | 5062 ||| STAIRDANCE
  5069 | D:5      | Reached XP level 8. HP: 40/46 MP: 12/12
  5120 | D:6      | Reached skill level 9 in Axes
  5251 | D:6      | 5251 ||| READING scroll of enchant armour.
  5251 | D:6      | 5251 ||| ENCHANTING +0 pair of gloves.
  5256 | D:6      | 5256 ||| FLEEEEING.
  5257 | D:6      | 5257 ||| FLEEEEING.
  5258 | D:6      | 5258 ||| FLEEEEING.
  5259 | D:6      | 5259 ||| FLEEEEING.
  5261 | D:6      | 5261 ||| FLEEEEING.
  5262 | D:6      | 5262 ||| FLEEEEING.
  5269 | D:6      | 5269 ||| Stepping ~*~*~tactically~*~*~ (hiding).
  5327 | D:6      | 5327 ||| Stepping ~*~*~tactically~*~*~ (stealth).
  5330 | D:6      | 5330 ||| Stepping ~*~*~tactically~*~*~ (stealth).
  5334 | D:6      | 5334 ||| Stepping ~*~*~tactically~*~*~ (stealth).
  5339 | D:6      | 5339 ||| Stepping ~*~*~tactically~*~*~ (hiding).
  5403 | D:6      | 5403 ||| RIP SEWER
  5417 | D:6      | 5417 ||| PLANNING D:1-11
  5440 | D:6      | Found a staircase to the Ecumenical Temple.
  5441 | D:6      | 5441 ||| PLANNING TEMPLE
  5441 | D:6      | 5441 ||| UPGRADING to +4 ring of evasion.
  5442 | D:6      | 5442 ||| DRINKING 3 purple potions.
  5443 | D:6      | 5443 ||| READING 2 scrolls of identify.
  5443 | D:6      | 5443 ||| IDENTIFYING murky white potion
  5444 | D:6      | 5444 ||| DROPPING potion of degeneration.
  5473 | D:6      | HP: 9/46 [wight/+0 war axe of electrocution (15)]
  5474 | D:6      | 5474 ||| DRINKING 2 potions of heal wounds.
  5479 | D:6      | Reached skill level 10 in Axes
  5654 | Temple   | Entered the Ecumenical Temple
  5686 | Temple   | Became a worshipper of Warmaster Okawaru
  5794 | Temple   | 5794 ||| PLANNING D:1-11
  5823 | D:6      | 5823 ||| SWAPPING to +0 war axe of electrocution.
  5880 | D:6      | 5880 ||| Stepping ~*~*~tactically~*~*~ (hiding).
  5892 | D:6      | HP: 5/48 [something (14)]
  5893 | D:6      | 5893 ||| READING 2 scrolls of teleportation.
  5894 | D:6      | 5894 ||| DRINKING potion of heal wounds.
  5898 | D:6      | 5898 ||| READING scroll of teleportation.
  5904 | D:6      | HP: 5/49 [something/magic dart (5)]
  5906 | D:6      | Mangled by an orc wizard

Levels and vault maps discovered:
D:1:      lightli_arrival_chessboard, layout_basic,
          ebering_ecumenical_altar_petrified
D:2:      layout_loops_ring, corner_web_ring
D:3:      layout_basic
D:4:      layout_gridville, vehumet_crystals, uniq_menkaure, uniq_eustachio
D:5:      layout_gridville, glass_columns_b, minmay_misc_feat_doors
D:6:      wander_river, layout_rooms, general_overflow_altar, temple_pool_b,
          gup_sewer_entry_bowl, hangedman_decor_points
Temple:   nicolae_temple_elliptical

Skill      XL: |  1  2  3  4  5  6  7  8 |
---------------+-------------------------+-----
Axes           | 3 4 5 7 8 10 | 10.1
Armour         | 3 4 |  4.0
Fighting       | 3 5 |  5.0
Throwing       | |  1.0
Dodging        | |  2.1
Spellcasting   | |  2.0
Translocations | |  2.4

Action                   |  1- 3 |  4- 6 |  7- 9 || total
-------------------------+-------+-------+-------++-------
Melee: Hand axe          |    47 |       |       ||    47
       Peck              |    10 |     9 |    22 ||    41
       Kick              |    10 |    16 |    38 ||    64
       War axe           |    31 |    75 |   124 ||   230
Throw: Boomerang         |     7 |       |     7 ||    14
  Use: Scroll            |     7 |     3 |     9 ||    19
       Potion            |       |     3 |     3 ||     6
Armor: Leather armour    |    19 |     6 |       ||    25
       Chain mail        |       |    18 |    69 ||    87
Dodge: Dodged            |    28 |    26 |    69 ||   123
Block: Other             |     2 |    12 |    24 ||    38

Table legend:
 A = Non-vault XP
 B = Vault XP
 C = Vault XP percentage of total XP
 D = Non-vault monster count
 E = Vault monster count
 F = Vault count percentage of total count
                 A         B        C        D         E       F
            +---------+---------+-------+---------+---------+-------
      Total |    1848 |     365 |  16.5 |     113 |       4 |   3.4
            +---------+---------+-------+---------+---------+-------
        D:1 |      38 |       0 |   0.0 |      24 |       0 |   0.0
        D:2 |      32 |       0 |   0.0 |      13 |       0 |   0.0
        D:3 |      88 |       0 |   0.0 |      19 |       0 |   0.0
        D:4 |     424 |     361 |  46.0 |      18 |       2 |  10.0
        D:5 |     361 |       0 |   0.0 |      15 |       0 |   0.0
        D:6 |     905 |       4 |   0.4 |      24 |       2 |   7.7
            +---------+---------+-------+---------+---------+-------
